 Dungeon Crawl Stone Soup version 0.31-a0-1002-g8e65716e6e (webtiles) character file.

Game seed: 10729974011554573247

397 Armakuni the Cudgeller (level 7, 0/52 HPs)
             Began as a Human Delver on Nov 9, 2023.
             Succumbed to a water moccasin's poison
             ... on level 4 of the Dungeon.
             The game lasted 00:11:12 (3265 turns).

Armakuni the Cudgeller (Human Delver)               Turns: 3265, Time: 00:11:13

Health: 0/52       AC:  5    Str: 18      XL:     7   Next: 10%
Magic:  7/7        EV: 12    Int:  8 (10) God:
Gold:   162        SH:  0    Dex: 13      Spells: 6/6 levels left

rFire   + . .        a - -2 hand cannon
rCold   . . .        (no shield)
rNeg    . . .        d - +0 leather armour
rPois   .            (no helmet)
rElec   .            (no cloak)
rCorr   .            (no gloves)
SInv    +            h - +0 pair of boots
Will    .....        (no amulet)
Stlth   +++          F - ring of protection from fire
HPRegen 0.28/turn    (no ring)
MPRegen 0.10/turn

%: no passive effects
@: lethally poisoned (0 -> -7)
A: see invisible, shaggy fur 1, strong 1, evolution 1
a: no special abilities


You were on level 4 of the Dungeon.
You visited 1 branch of the dungeon, and saw 6 of its levels.

You collected 164 gold pieces.
You spent 2 gold pieces at shops.

Inventory:

Hand Weapons
 a - a -2 hand cannon (weapon)
 b - a +2 dagger of electrocution
 e - a -3 quick blade
 l - a +0 long sword
Armour
 d - a +0 leather armour (worn)
 h - a +0 pair of boots (worn)
Jewellery
 m - an amulet of reflection
 F - a ring of protection from fire (left hand)
Wands
 k - a wand of digging (3)
 r - a wand of roots (10)
Scrolls
 c - 2 scrolls of fog
 f - 2 scrolls of teleportation
 i - 2 scrolls of enchant weapon
 j - a scroll of identify
 p - a scroll of torment {unknown}
Potions
 n - a potion of mutation


   Skills:
 - Level 3.0 Fighting
 + Level 5.6 Maces & Flails
 + Level 3.9 Ranged Weapons
 - Level 2.0 Dodging
 - Level 5.0 Stealth


You had 6 spell levels left.
You didn't know any spells.
Your spell library was empty.

Dungeon Overview and Level Annotations

Branches:
Dungeon (6/15)
 Temple: D:4-7

Altars:

Shops:
D:1 *   D:2 :(*(*   D:5 *

Annotations:
D:3 1 runed translucent door, Crazy Yiuf


Innate Abilities, Weirdness & Mutations

You have supernaturally acute eyesight. (SInv)
You are covered in fur. (AC +1)
Your muscles are strong. (Str +4, Int/Dex -1)
You have hidden genetic potential.


Message History

Okay, then.
Okay, then.
You feel sick.
The water moccasin attacks as it pursues you!
The water moccasin bites you.
A kobold comes into view. It is wielding a +0 dagger.
You feel sick. The water moccasin closely misses you.
You see here a +0 chain mail.
You feel sick.
Aiming: Fastroot
Press: ? - help, Shift-Dir - straight line, p - sleepcap The roots erupt in riotous growth!
Roots grab the water moccasin.
The endoplasm is unaffected.
The kobold shouts!
The grasping roots constrict the water moccasin.
You feel sick. The water moccasin misses you. The water moccasin bites you!
* * * LOW HITPOINT WARNING * * *
You are lethally poisoned!
The water moccasin poisons you!
As you read the scroll of teleportation, it crumbles to dust.
You feel strangely unstable.
The grasping roots constrict the water moccasin!
You kill the water moccasin!
* * * LOW HITPOINT WARNING * * *
You feel very sick. The endoplasm closely misses you.
You feel your strength returning.
You feel your dexterity returning.
You have reached level 7!
It was a potion of mutation.
You feel extremely strange. Fur sprouts all over your body.
Your vision sharpens.
You feel stronger.
You feel a hidden potential growing inside you.
* * * LOW HITPOINT WARNING * * *
You feel very sick. The endoplasm freezes you.
You are frozen.
* * * LOW HITPOINT WARNING * * *
Your surroundings suddenly seem different.
A worm comes into view.
You die...

.$...#.#.. ........#.#
..#.....#.#
#.........#.
#........... w####
..##......$ .....######
#.# #[..... #.....@..#
##.###......
#........###...........
#..............##.##...
#........#####K#..###..
#........# #%#.......
######.>## #...#.....
##.# ##fJ..##.# #.#
#...###.# #.# ##...#
#.#


You could see a worm (wandering).

Vanquished Creatures
  A water moccasin (D:4)
  A scorpion (D:3)
  A hound (D:4)
  Ijyb (D:3)
  Jessica (D:3)
  2 orc wizards (D:3)
  3 adders
  A worm (D:2)
  A dart slug (D:2)
  8 orcs (D:3)
  6 ball pythons
  5 bats
  4 endoplasms
  3 giant cockroaches
  7 goblins
  6 hobgoblins
  6 kobolds
  3 quokkas
  2 frilled lizards (D:1)
  4 rats
66 creatures vanquished.

Notes
Turn   | Place    | Note
-------+----------+-------------------------------------------
     0 | D:5      | Armakuni the Human Delver began the quest for the Orb.
     0 | D:5      | Reached XP level 1. HP: 18/18 MP: 1/1
     2 | D:6      | Noticed a steam dragon
    18 | D:5      | Noticed a centaur
   100 | D:5      | Found Niely Teo's Lightly-Used Armoury.
   106 | D:5      | Bought a -2 hand cannon for 1 gold piece
   107 | D:5      | Bought a -3 quick blade for 1 gold piece
   155 | D:4      | Noticed a water moccasin
   166 | D:4      | Noticed a sleepcap
   179 | D:4      | Noticed a hound
   192 | D:4      | Killed a hound
   193 | D:4      | Reached XP level 2. HP: 7/24 MP: 2/2
   193 | D:4      | Reached XP level 3. HP: 9/29 MP: 3/3
   299 | D:4      | Noticed a scorpion
   371 | D:3      | Noticed Ijyb
   396 | D:2      | Found Redumimn's General Store.
   438 | D:2      | Found Eruy's Book Emporium.
   438 | D:2      | Noticed a walking crystal tome
   440 | D:2      | Noticed a walking divine tome
   444 | D:2      | Reached XP level 4. HP: 32/35 MP: 4/4
   624 | D:2      | Found Jumm's General Store.
   638 | D:2      | Found Vykhlun's Antique Weapon Shop.
   658 | D:2      | Reached skill level 1 in Ranged Weapons
   797 | D:2      | Found Kuyfa's Weapon Shoppe.
  1232 | D:1      | Found Liuz's General Store.
  1973 | D:3      | Reached XP level 5. HP: 41/41 MP: 5/5
  2056 | D:3      | Noticed Jessica
  2058 | D:3      | Killed Jessica
  2067 | D:3      | Killed Ijyb
  2068 | D:3      | Reached XP level 6. HP: 33/47 MP: 6/6
  2083 | D:3      | Reached skill level 5 in Maces & Flails
  2648 | D:3      | Found a runed translucent door.
  2649 | D:3      | Noticed Crazy Yiuf
  3263 | D:4      | Killed a water moccasin
  3264 | D:4      | Reached XP level 7. HP: 7/52 MP: 7/7
  3264 | D:4      | Gained mutation: You are covered in fur. (AC +1) [potion of
                  | mutation]
  3264 | D:4      | Gained mutation: You have supernaturally acute eyesight.
                  | (SInv) [potion of mutation]
  3264 | D:4      | Gained mutation: Your muscles are strong. (Str +4, Int/Dex
                  | -1) [potion of mutation]
  3264 | D:4      | Gained mutation: You have hidden genetic potential. [potion
                  | of mutation]
  3264 | D:4      | HP: 1/52 [frozen (3)]
  3265 | D:4      | Succumbed to a water moccasin's poison

Illustrated notes

Levels and vault maps discovered:
D:1:      dpeg_arrival_three_same_balls, layout_basic, serial_shops,
          nicolae_shop_hallway_stairs, minmay_misc_feat_tower
D:2:      layout_loops_ring, serial_shops, nicolae_shop_bloodbath_and_beyond,
          shop, shop, nicolae_shop_mannequins, shop
D:3:      layout_basic, minmay_strange_pillars, uniq_crazy_yiuf_cottage,
          uniq_jessica, uniq_ijyb
D:4:      layout_rooms, nicolae_overflow_two_pavilions
D:5:      layout_layer_cave, dreamdust_divine_triumvirate, minmay_shop_damaged,
          serial_park_tiny_pond, minivault_14
D:6:      layout_basic, minmay_temple_entry_slanted, serial_bayou,
          serial_bayou_pond_c, serial_bayou_shore_a, serial_bayou_pond_a,
          serial_bayou_pond_d, serial_bayou_lagoon_a, uniq_menkaure,
          uniq_blork_the_orc, uniq_duvessa, uniq_jeremiah

Skill      XL: |  1  2  3  4  5  6 |
---------------+-------------------+-----
Maces & Flails | 3 4 5 |  5.6
Ranged Weapons | 2 3 |  3.9
Fighting       | |  3.0
Dodging        | |  2.0
Stealth        | |  5.0

Action                     |  1- 3 |  4- 6 |  7- 9 || total
---------------------------+-------+-------+-------++-------
  Melee: Quick blade       |     4 |       |       ||     4
         Dagger            |       |    15 |       ||    15
         Hand cannon       |       |     1 |       ||     1
   Fire: Hand cannon       |    18 |   140 |       ||   158
  Evoke: Wand              |       |     3 |       ||     3
    Use: Scroll            |     4 |     4 |       ||     8
         Potion            |     1 |     5 |     1 ||     7
 Armour: Leather armour    |    12 |    86 |       ||    98
         Skin              |       |     4 |       ||     4
  Dodge: Dodged            |    16 |    62 |       ||    78

Table legend: (Time is in decaauts)
 A = Elapsed time spent in this place.
 B = Non-inter-level travel time spent in this place.
 C = Inter-level travel time spent in this place.
 D = Time resting spent in this place.
 E = Time spent auto-exploring this place.
 F = Levels seen in this place.
 G = Mean time per level.
                   A        B        C        D        E       F      G
               +--------+--------+--------+--------+--------+-----+--------+
         Total |   3381 |   3235 |    146 |    283 |   2110 |   6 |  563.5 |
       Dungeon |   3381 |   3235 |    146 |    283 |   2110 |   6 |  563.5 |
               +--------+--------+--------+--------+--------+-----+--------+

Top non-repeatable levels by time:
     D:3: 1380 daAuts
     D:1: 862 daAuts
     D:2: 719 daAuts
     D:4: 264 daAuts
     D:5: 151 daAuts
     D:6: 3 daAuts
